 Dungeon Crawl Stone Soup version 0.32-a0-732-ga344392067 (webtiles) character file.

Game seed: 16876541623431231072

142 gimp the Shooter (level 5, -4/41 HPs)
             Began as a Draconian Hunter on Mar 17, 2024.
             Slain by a gnoll
             ... wielding a +0 halberd
              (12 damage)
             ... on level 3 of the Dungeon.
             The game lasted 00:03:04 (1682 turns).

gimp the Shooter (Draconian Hunter)                 Turns: 1682, Time: 00:03:05

Health: -4/41      AC:  5    Str: 13    XL:     5   Next: 3%
Magic:  5/5        EV: 11    Int:  9    God:
Gold:   179        SH:  0    Dex: 17    Spells: 4/4 levels left

rFire   . . .        a - +0 shortbow
rCold   . . .        (shield currently unavailable)
rNeg    . . .        (body armour unavailable)
rPois   .            (helmet restricted)
rElec   .            (no cloak)
rCorr   .            (no gloves)
SInv    .            (no boots)
Will    .....        (no amulet)
Stlth   ++           (no ring)
HPRegen 0.26/turn    (no ring)
MPRegen 0.09/turn

%: no passive effects
@: slowed, very slow
A: AC +5, unfitting armour, cold-blooded
a: no special abilities


You were on level 3 of the Dungeon.
You visited 1 branch of the dungeon, and saw 3 of its levels.

You collected 179 gold pieces.

Inventory:

Hand Weapons
 a - a +0 shortbow (weapon)
Missiles
 g - 2 throwing nets
Jewellery
 j - a ring of poison resistance
Scrolls
 b - a scroll of butterflies
 e - a scroll of poison {unknown}
 f - a scroll of amnesia {unknown}
 h - a scroll of summoning {unknown}
 i - 2 scrolls of enchant armour {unknown}
 k - a scroll of immolation {unknown}
Potions
 c - 2 potions of brilliance {unknown}
 d - a potion of heal wounds {unknown}
 l - a potion of curing {unknown}


   Skills:
 - Level 2.1 Fighting
 + Level 5.8 Ranged Weapons
 - Level 1.7 Dodging
 - Level 0.8 Stealth


You had 4 spell levels left.
You didn't know any spells.
Your spell library was empty.

Dungeon Overview and Level Annotations

Branches:
Dungeon (3/15)

Altars:

Shops:
D:2 =

Annotations:
D:3 Natasha


Innate Abilities, Weirdness & Mutations

Your plain brown scales are hard. (AC +5)
You cannot fit into any form of body armour.
You are cold-blooded and may be slowed by cold attacks.


Message History

You open the door.
There is an open door here.
A ball python comes into view.
A ball python is nearby!
You shoot an arrow. The arrow hits the ball python.
You kill the ball python!
No target in view!
No target in view!
A gnoll comes into view. It is wielding a +0 flail.
The gnoll shouts!
Natasha, Servant of Life and Death comes into view.
The gnoll moves out of view.
Natasha is nearby!
You shoot an arrow.
Natasha hisses angrily.
The arrow hits Natasha.
Natasha is moderately wounded.
A gnoll comes into view. It is wielding a +0 spear.
You shoot an arrow. The gnoll shouts!
The arrow hits the gnoll!
The gnoll is heavily wounded.
Natasha wildly gestures.
You feel disoriented.
You shoot an arrow. The arrow barely misses Natasha.
A gnoll comes into view. It is wielding a +0 halberd.
You shoot an arrow. The arrow closely misses Natasha.
The gnoll shouts!
You shoot an arrow. The arrow hits Natasha!
Natasha is almost dead.
Natasha claws you.
Natasha howls an incantation.
You feel disoriented. Natasha closely misses you.
You take 6 damage, and have 30/36 hp.
You shoot an arrow. The arrow barely misses Natasha.
Natasha claws you but does no damage.
You shoot an arrow. The arrow misses Natasha.
Natasha closely misses you.
Fire: a) +0 shortbow
Press: ? - help, Q - select action, (/) - cycle Shift-Dir - straight line, f - gnoll, p - Natasha
Aim: a gnoll, wielding a +0 spear (66% to hit)
You shoot an arrow. The arrow barely misses Natasha.
The arrow hits the gnoll.
You kill the gnoll!
Natasha closely misses you.
You have reached level 5!
You regained 5 hp, and now have 36/41 hp.
MP restored: 5 Fire: a) +0 shortbow
Press: ? - help, Q - select action, (/) - cycle Shift-Dir - straight line, f/p - gnoll
Aim: a gnoll, wielding a +0 spear (66% to hit)
You shoot an arrow. The arrow barely misses Natasha.
The arrow hits the gnoll.
The gnoll is lightly wounded.
The gnoll hits you but does no damage. Natasha casts a spell at you.
You feel yourself slow down.
Fire: a) +0 shortbow
Press: ? - help, Q - select action, (/) - cycle Shift-Dir - straight line, f/p - gnoll
Aim: a gnoll, wielding a +0 spear (66% to hit)
You shoot an arrow. The arrow closely misses Natasha.
The arrow hits the gnoll.
The gnoll is heavily wounded.
The gnoll hits you from afar with a +0 halberd.
Natasha claws you!
A gnoll comes into view. It is wielding a +0 spear.
The gnoll closely misses you. Natasha casts a spell at you.
The magic dart hits you.
You take 19 damage, and have 17/41 hp.
MASSIVE DAMAGE!!
Fire: a) +0 shortbow
Press: ? - help, Q - select action, (/) - cycle Shift-Dir - straight line, f/p - gnoll
Aim: a gnoll, wielding a +0 spear (66% to hit)
You shoot an arrow. The arrow barely misses Natasha.
The gnoll shouts!
The arrow hits the gnoll.
The gnoll is almost dead.
The gnoll hits you from afar with a +0 halberd.
Natasha closely misses you.
A quokka comes into view.
The gnoll barely misses you.
You take 2 damage, and have 15/41 hp.
Fire: a) +0 shortbow
Press: ? - help, Q - select action, (/) - cycle Shift-Dir - straight line, f/p - gnoll
Aim: a gnoll, wielding a +0 spear (66% to hit)
You shoot an arrow. The arrow closely misses Natasha.
The arrow hits the gnoll but does no damage.
The gnoll is almost dead.
Natasha claws you. The gnoll closely misses you.
Natasha mumbles some strange words.
The gnoll hits you from afar with a +0 halberd.
* * * LOW HITPOINT WARNING * * *
You take 8 damage, and have 7/41 hp.
Fire: a) +0 shortbow
Press: ? - help, Q - select action, (/) - cycle Shift-Dir - straight line, f/p - gnoll
Aim: a gnoll, wielding a +0 spear (66% to hit)
You shoot an arrow. The arrow closely misses Natasha.
The arrow closely misses the gnoll.
The arrow hits the gnoll.
The gnoll is heavily wounded.
Natasha closely misses you. The cerulean imp closely misses you.
The gnoll hits you from afar with a +0 halberd!
You die...

#.........###...## ###.###
#####.######.....## ###.##
###..#####.......## ##>...##
#####.................####......#
......................'........##
####.....###..........####.....#
#..#.## #.#.......## ##.##.#
#..######.##...5.## ####.#
#.........###@..## #.#
#.######### ##h## #.# #.# #g# #.#
#.# #g# .# g# r. .. ..


You could see Natasha, 3 gnolls, a cerulean imp (summoned) and a quokka.

Vanquished Creatures
  An orc priest (D:2)
  Natasha (D:3)
  A gnoll (D:3)
  4 adders
  A dart slug (D:1)
  3 orcs
  6 ball pythons
  2 bats
  4 endoplasms
  A giant cockroach (D:1)
  6 goblins
  A quokka (D:2)
  3 frilled lizards
  3 kobolds
  3 rats
40 creatures vanquished.

Notes
Turn   | Place    | Note
-------+----------+-------------------------------------------
     0 | D:1      | gimp the Draconian Hunter began the quest for the Orb.
     0 | D:1      | Reached XP level 1. HP: 17/17 MP: 1/1
   126 | D:1      | Reached skill level 4 in Ranged Weapons
   126 | D:1      | Reached XP level 2. HP: 18/24 MP: 2/2
   686 | D:2      | Reached XP level 3. HP: 9/29 MP: 3/3
   910 | D:2      | Reached skill level 5 in Ranged Weapons
   939 | D:2      | Found Kamitt's Jewellery Boutique.
   982 | D:2      | Reached XP level 4. HP: 35/36 MP: 4/4
  1234 | D:2      | Found the +7 Kryia's mail coat {PotionHeal*2 rC+}
  1590 | D:3      | Noticed Natasha
  1599 | D:3      | Killed Natasha
  1669 | D:3      | Noticed Natasha
  1678 | D:3      | Reached XP level 5. HP: 36/41 MP: 5/5
  1682 | D:3      | Slain by a gnoll

Illustrated notes

Levels and vault maps discovered:
D:1:      lightli_arrival_maybe_door_vault, layout_basic,
          minmay_misc_feat_four_crosses
D:2:      cheibrodos_pilgrimage, layout_loops_cross, serial_shops,
          nicolae_shop_window_shopping, serial_bayou_lagoon_b
D:3:      layout_loops_corners, mainiacjoe_overflow_chevrons, uniq_natasha,
          uniq_robin

Skill      XL: |  1  2  3 |
---------------+----------+-----
Ranged Weapons | 4 5 |  5.8
Fighting       | |  2.1
Dodging        | |  1.7
Stealth        | |  0.8

Action                     |  1- 3 |  4- 6 || total
---------------------------+-------+-------++-------
   Fire: Shortbow          |    73 |    56 ||   129
 Armour: Skin              |    15 |    17 ||    32
  Dodge: Dodged            |    14 |    14 ||    28

Table legend: (Time is in decaauts)
 A = Elapsed time spent in this place.
 B = Non-inter-level travel time spent in this place.
 C = Inter-level travel time spent in this place.
 D = Time resting spent in this place.
 E = Time spent auto-exploring this place.
 F = Levels seen in this place.
 G = Mean time per level.
                   A        B        C        D        E       F      G
               +--------+--------+--------+--------+--------+-----+--------+
         Total |   1719 |   1676 |     43 |      0 |   1394 |   3 |  573.0 |
       Dungeon |   1719 |   1676 |     43 |      0 |   1394 |   3 |  573.0 |
               +--------+--------+--------+--------+--------+-----+--------+

Top non-repeatable levels by time:
     D:2: 749 daAuts
     D:1: 645 daAuts
     D:3: 323 daAuts
